 Dungeon Crawl Stone Soup version 0.22-a0-469-gf26638a (webtiles) character file.

2305 Zephyerz the Firebug (level 9, -3/57 HPs)
             Began as a Demonspawn Fire Elementalist on June 13, 2018.
             Was an Initiate of Vehumet.
             Slain by a wolf (8 damage)
             ... led by Grum
             ... on level 8 of the Dungeon.
             The game lasted 00:36:54 (9535 turns).

Zephyerz the Firebug (Demonspawn Fire Elementalist) Turns: 9535, Time: 00:36:54

Health: -3/57      AC:  5    Str:  9    XL:     9   Next: 18%
Magic:  7/18       EV: 12    Int: 20    God:    Vehumet [......]
Gold:   406        SH:  0    Dex: 19    Spells: 15/21 levels left

rFire    . . .     SeeInvis .   E - +10 dagger "Yshy" {freeze, rElec Dex+4}
rCold    . . .     Gourm    .   (no shield)
rNeg     . . .     Faith    .   A - +0 robe {MR+} {MR+}
rPois    .         Spirit   .   (no helmet)
rElec    +         Reflect  .   (no cloak)
rCorr    .         Harm     .   (no gloves)
MR       ++...                  (no boots)
Stlth    ++........             (no amulet)
HPRegen  1.19/turn              (no ring)
MPRegen  0.16/turn              (no ring)

@: no status effects
A: hooves 2, slimy green scales 2, agile 1, magic resistance 1, powered by death
1
a: Renounce Religion


You were on level 8 of the Dungeon.
You worshipped Vehumet.
Vehumet was noncommittal.
You were not hungry.

You visited 1 branch of the dungeon, and saw 8 of its levels.

You collected 430 gold pieces.
You spent 24 gold pieces at shops.

Inventory:

Hand Weapons
 E - the +10 dagger "Yshy" (weapon) {freeze, rElec Dex+4}
   (You found it on level 6 of the Dungeon)

   It has been specially enchanted to freeze those struck by it, causing extra
   injury to most foes and up to half again as much damage against particularly
   susceptible opponents.
   It can also slow down cold-blooded creatures.
   It affects your dexterity (+4).
   It insulates you from electricity.
Missiles
 f - 43 poisoned needles
 r - 6 curare-tipped needles
 H - 4 tomahawks
 K - 153 stones
 M - 2 javelins (quivered)
 Q - 24 arrows
Armour
 A - a +0 robe of magic resistance (worn) {MR+}
Jewellery
 g - an uncursed amulet of faith {unknown}
 l - an uncursed ring of stealth {unknown}
 p - an uncursed ring of protection from fire {unknown}
 F - a cursed ring of teleportation {unknown}
Wands
 b - a wand of clouds (6)
 n - a wand of paralysis (14)
 y - a wand of random effects (22)
 J - a wand of flame (20)
Scrolls
 a - 2 scrolls of fear {unknown}
 c - 3 scrolls of magic mapping {!r}
 h - a scroll of amnesia {unknown}
 i - a scroll of identify
 k - 2 scrolls of immolation {!r}
 m - a scroll of noise {unknown}
 t - 7 scrolls of teleportation
 B - 4 scrolls of blinking {!r}
 D - a scroll of enchant armour {unknown}
 G - a scroll of enchant weapon {unknown}
 I - a scroll of remove curse {unknown}
Potions
 d - a potion of might
 j - a potion of lignification {!q}
 o - 2 potions of degeneration {!q}
 q - 2 potions of curing
 s - 2 potions of agility
 u - a potion of invisibility
 w - a potion of heal wounds {unknown}
 x - 2 potions of flight {unknown}
 z - a potion of berserk rage {unknown}
 C - a potion of haste {unknown}
Comestibles
 e - 4 rations


   Skills:
 + Level 2.8 Short Blades
 - Level 1.7 Dodging
 - Level 1.7 Stealth
 * Level 6.5 Spellcasting
 * Level 6.7 Conjurations
 * Level 6.8 Fire Magic


You had 15 spell levels left.
You knew the following spells:

 Your Spells              Type           Power        Failure   Level  Hunger
a - Flame Tongue          Conj/Fire      ####.        1%          1    None
c - Conjure Flame         Conj/Fire      ####....     1%          3    #......
x - Throw Flame           Conj/Fire      ####..       1%          2    None

Your spell library contained the following spells:

 Spells                   Type           Power        Failure   Level  Hunger
 Fireball                 Conj/Fire      ####......   17%         5    #####..
 Apportation              Tloc           #.....       10%         1    None
 Summon Small Mammal      Summ           #...         10%         1    None
 Animate Skeleton         Necr           N/A          10%         1    None
 Sticky Flame             Conj/Fire      ####....     6%          4    ###....
 Confusing Touch          Hex            #.....       10%         1    None
 Inner Flame              Hex/Fire       ###.....     8%          3    #......


Dungeon Overview and Level Annotations

Branches:
Dungeon (8/15)             Temple (0/1) D:7
   Lair: D:8-11

Altars:
Elyvilon
Hepliaklqana
Okawaru
Qazlal
Ru
Uskayaw
Vehumet
Wu Jian
Xom
Yredelemnul

Shops:
D:4 ?   D:8 (

Annotations:
D:3 Purgy


Innate Abilities, Weirdness & Mutations

You have hoof-like feet.
You are mostly covered in slimy green scales. (AC +3)
You regenerate a little health from kills.
You are agile. (Dex +2)
You are resistant to hostile enchantments. (MR+)


Message History

The flame tongue misses the wolf.
The wolf closely misses you. The wolf bites you!
* * * LOW HITPOINT WARNING * * *
The wolf howls!
You take 9 damage, and have 9/57 hp.
You now have 7/18 mp.
Aim: a wolf (severely wounded)
The flame tongue hits the wolf.
* * * LOW MAGIC WARNING * * *
The wolf bites you.
* * * LOW HITPOINT WARNING * * *
You take 6 damage, and have 3/57 hp.
You now have 6/18 mp.
Aim: a wolf (almost dead)
The bolt of acid hits the wolf.
The wolf is splashed with acid.
The acid corrodes the wolf!
You kill the wolf!
The wolf closely misses you.
Aim: a wolf (lightly wounded)
The bolt of acid misses the wolf.
The now-empty wand crumbles to dust.
The wolf barely misses you. The wolf bites you!
You die...

.# .. ##.## #...
#### ####..# ..h
..... .h #..# #h
#.@#
#.####.####†h######
.......g.[..........
........###..#######
#.#...... ...#
........###.##
#........ ..#
######### ###


You could see a wolf.

Vault maps used:
D:1:      minmay_arrival_four_loops, minmay_misc_feat_cross,
          minmay_misc_feat_tiny
D:2:      elyvilon_altar_3, nicolae_ru_awakened_eye, uniq_jessica
D:3:      minivault_11, uniq_ijyb, uniq_purgy
D:4:      serial_co_window_serial, co_window_of_opportunity_a,
          co_window_paths_a, co_window_paths_a, co_window_of_opportunity_a,
          co_window_corner_a, co_window_corner_a, co_window_paths_b,
          co_window_paths_a, co_window_of_opportunity_a, co_window_corner_b,
          co_window_paths_c, co_window_2corner, co_window_broadway_c,
          co_window_paths_c, co_window_sun, serial_shops, shop
D:5:      xom_butterflies, lemuel_doored_altar, first_ration
D:6:      chequers_temple_overflow_minitemple, kennysheep_okawaru_gauntlet,
          kennysheep_generic_room_11
D:7:      marbit_many_paths, minmay_temple_entry_grid, kennysheep_pointless_box
D:8:      serial_shops, shop, uniq_grum, uniq_pikel, uniq_erica

Notes
Turn   | Place    | Note
-------+----------+-------------------------------------------
     0 | D:1      | Zephyerz the Demonspawn Fire Elementalist began the quest for the Orb.
     0 | D:1      | Reached XP level 1. HP: 13/13 MP: 3/3
   307 | D:1      | HP: 2/13 [kobold/whip (4)]
   318 | D:1      | Gained mutation: You are partially covered in slimy green scales. (AC +2) [demonic ancestry]
   318 | D:1      | Reached XP level 2. HP: 4/19 MP: 0/5
   704 | D:1      | Reached skill level 3 in Fire Magic
  1090 | D:2      | Found a sacrificial altar of Ru.
  1100 | D:2      | Gained mutation: You regenerate a little health from kills. [demonic ancestry]
  1100 | D:2      | Reached XP level 3. HP: 21/24 MP: 1/6
  1339 | D:2      | Found a white marble altar of Elyvilon.
  1357 | D:2      | Learned a level 3 spell: Conjure Flame
  1414 | D:2      | Noticed Jessica
  1688 | D:2      | Reached skill level 2 in Conjurations
  1838 | D:2      | Killed Jessica
  1838 | D:2      | Gained mutation: You have large cloven feet. [demonic ancestry]
  1838 | D:2      | Reached XP level 4. HP: 30/30 MP: 0/8
  1852 | D:2      | Identified a +0 robe of magic resistance (You took it off Jessica on level 2 of the Dungeon)
  2108 | D:4      | Reached skill level 3 in Spellcasting
  2222 | D:3      | Noticed Purgy
  2675 | D:3      | Reached XP level 5. HP: 35/35 MP: 2/9
  2785 | D:3      | Noticed Ijyb
  2819 | D:3      | Killed Ijyb
  3277 | D:4      | Reached skill level 3 in Conjurations
  3423 | D:4      | Learned a level 2 spell: Throw Flame
  3508 | D:4      | Reached skill level 4 in Fire Magic
  3681 | D:4      | HP: 8/35 [poisoned by a worker ant]
  3686 | D:4      | HP: 6/35 [poisoned by a worker ant]
  3691 | D:4      | HP: 4/35 [poisoned by a worker ant]
  3698 | D:4      | HP: 3/35 [poisoned by a worker ant]
  3706 | D:4      | HP: 2/35 [poisoned by a worker ant]
  3859 | D:4      | HP: 6/35 [hound (3)]
  3860 | D:4      | Reached XP level 6. HP: 7/41 MP: 5/11
  4298 | D:4      | Reached skill level 4 in Spellcasting
  4456 | D:4      | Found Xouloef's Magic Scroll Emporium.
  4464 | D:4      | Bought a scroll of identify for 24 gold pieces
  4464 | D:4      | Identified 2 potions of degeneration
  4465 | D:4      | Identified a potion of might
  4466 | D:4      | Identified 4 potions of mutation
  4467 | D:4      | Identified a potion of invisibility
  4468 | D:4      | Identified a potion of lignification
  4469 | D:4      | Identified a potion of agility
  4470 | D:4      | Identified 5 scrolls of teleportation
  4471 | D:4      | Gained mutation: You are resistant to hostile enchantments. (MR+) [potion of mutation]
  4471 | D:4      | Gained mutation: You are agile. (Dex +2) [potion of mutation]
  4471 | D:4      | Gained mutation: You are highly resistant to hostile enchantments. (MR++) [potion of mutation]
  4471 | D:4      | Gained mutation: Your mind is acute. (Int +2) [potion of mutation]
  4472 | D:4      | Lost mutation: You are highly resistant to hostile enchantments. (MR++) [potion of mutation]
  4472 | D:4      | Lost mutation: You are resistant to hostile enchantments. (MR+) [potion of mutation]
  4472 | D:4      | Lost mutation: Your mind is acute. (Int +2) [potion of mutation]
  4472 | D:4      | Lost mutation: You are agile. (Dex +2) [potion of mutation]
  4472 | D:4      | Gained mutation: Your skin changes colour to match your surroundings (Stealth+). [potion of mutation]
  4472 | D:4      | Gained mutation: Your system is resistant to poisons. (rPois) [potion of mutation]
  4472 | D:4      | Gained mutation: Your flesh is heat resistant. (rF+) [potion of mutation]
  4473 | D:4      | Lost mutation: Your flesh is heat resistant. (rF+) [potion of mutation]
  4473 | D:4      | Lost mutation: Your system is resistant to poisons. (rPois) [potion of mutation]
  4473 | D:4      | Gained mutation: Your muscles are strong. (Str +2) [potion of mutation]
  4473 | D:4      | Gained mutation: You possess an exceptional clarity of mind. [potion of mutation]
  4474 | D:4      | Lost mutation: You possess an exceptional clarity of mind. [potion of mutation]
  4474 | D:4      | Lost mutation: Your muscles are strong. (Str +2) [potion of mutation]
  4474 | D:4      | Lost mutation: Your skin changes colour to match your surroundings (Stealth+). [potion of mutation]
  4474 | D:4      | Gained mutation: You are resistant to hostile enchantments. (MR+) [potion of mutation]
  4474 | D:4      | Gained mutation: You are agile. (Dex +2) [potion of mutation]
  4677 | D:5      | Entered Level 5 of the Dungeon
  4700 | D:4      | Reached skill level 4 in Conjurations
  5031 | D:4      | Gained mutation: You have hoof-like feet. [demonic ancestry]
  5031 | D:4      | Reached XP level 7. HP: 40/46 MP: 5/13
  5856 | D:5      | Found a stormy altar of Qazlal.
  6074 | D:5      | Found a shimmering altar of Xom.
  6091 | D:5      | Identified 3 scrolls of magic mapping
  6092 | D:5      | Identified 2 scrolls of blinking
  6093 | D:5      | Identified 2 scrolls of immolation
  6225 | D:5      | Reached skill level 5 in Fire Magic
  6786 | D:6      | Got a crude dagger
  6787 | D:6      | Identified the +10 dagger "Yshy" {freeze, rElec Dex+4} (You found it on level 6 of the Dungeon)
  6803 | D:6      | Found an iron altar of Okawaru.
  6978 | D:6      | Reached skill level 5 in Spellcasting
  7002 | D:6      | Reached skill level 5 in Conjurations
  7541 | D:5      | Gained mutation: You are mostly covered in slimy green scales. (AC +3) [demonic ancestry]
  7541 | D:5      | Reached XP level 8. HP: 52/52 MP: 15/15
  7561 | D:6      | Reached skill level 1 in Short Blades
  7948 | D:6      | Found an ornate altar of the Wu Jian Council.
  7948 | D:6      | Found a basalt altar of Yredelemnul.
  7953 | D:6      | Found a radiant altar of Vehumet.
  7955 | D:6      | Found a faded altar of an unknown god.
  7956 | D:6      | Found a hide-covered altar of Uskayaw.
  7982 | D:6      | Became a worshipper of Vehumet
  8469 | D:7      | Reached skill level 6 in Fire Magic
  8480 | D:6      | HP: 13/52 [poisoned by a water moccasin]
  8485 | D:6      | HP: 11/52 [poisoned by a water moccasin]
  8490 | D:6      | HP: 8/52 [poisoned by a water moccasin]
  8496 | D:6      | HP: 7/52 [poisoned by a water moccasin]
  8504 | D:6      | HP: 7/52 [poisoned by a water moccasin]
  8785 | D:7      | Found a staircase to the Ecumenical Temple.
  8896 | D:7      | Reached skill level 2 in Short Blades
  8896 | D:7      | Reached skill level 6 in Conjurations
  8975 | D:7      | Found a hazy altar of Hepliaklqana.
  9056 | D:7      | Noticed a hippogriff
  9064 | D:7      | Killed a hippogriff
  9064 | D:7      | Reached skill level 6 in Spellcasting
  9315 | D:8      | Noticed a two-headed ogre
  9420 | D:8      | Found Abaj's Antique Weapon Shop.
  9428 | D:8      | Noticed Grum
  9430 | D:8      | Reached XP level 9. HP: 57/57 MP: 10/18
  9447 | D:8      | Killed Grum
  9532 | D:8      | HP: 9/57 [wolf[Grum] (9)]
  9533 | D:8      | HP: 3/57 [wolf[Grum] (6)]
  9535 | D:8      | Slain by a wolf

Table legend:
 A = Turns spent in this place as a percentage of turns spent in the entire game.
 B = Non-inter-level travel turns spent in this place as a percentage of non-inter-level travel turns spent in the entire game.
 C = Inter-level travel turns spent in this place as a percentage of turns spent in this place.
 D = Turns resting spent in this place as a percentage of non-inter-level travel turns spent in this place.
 E = Turns spent auto-exploring this place as a percentage of non-inter-level travel turns spent in this place.
 F = Non-inter-level travel turns spent in this place divided by the number of levels of this place that you've seen.
                   A       B       C       D       E      F
               +-------+-------+-------+-------+-------+----------------------
         Total | 100.0 | 100.0 |   0.0 |  38.2 |  42.6 | 1191.9
       Dungeon | 100.0 | 100.0 |   0.0 |  38.2 |  42.6 | 1191.9
               +-------+-------+-------+-------+-------+----------------------

Table legend:
 A = Kills in this place as a percentage of kills in entire the game.
 B = Kills by you in this place as a percentage of kills by you in the entire game.
 C = Kills by friends in this place as a percentage of kills by friends in the entire game.
 D = Other kills in this place as a percentage of other kills in the entire game.
 E = Experience gained in this place as a percentage of experience gained in the entire game.
 F = Experience gained in this place divided by the number of levels of this place that you have seen.
                   A       B       C       D       E      F
               +-------+-------+-------+-------+-------+----------------------
         Total | 100.0 | 100.0 |   N/A |   N/A | 100.0 | 411.6
       Dungeon | 100.0 | 100.0 |   N/A |   N/A | 100.0 | 411.6
               +-------+-------+-------+-------+-------+----------------------

Skill      XL: |  1  2  3  4  5  6  7  8 |
---------------+-------------------------+-----
Fire Magic     | 3 4 5 6 |  6.8
Conjurations   | 2 3 4 5 6 |  6.7
Spellcasting   | 3 4 5 6 |  6.5
Short Blades   | 2 |  2.8
Dodging        | |  1.7
Stealth        | |  1.7

Action                   |  1- 3 |  4- 6 |  7- 9 || total
-------------------------+-------+-------+-------++-------
Melee: Unarmed           |       |     1 |     1 ||     2
       Dagger            |       |       |    41 ||    41
       Kick              |       |       |    12 ||    12
Throw: Javelin           |     6 |     9 |       ||    15
       Stone             |       |    57 |     7 ||    64
 Cast: Flame Tongue      |    48 |   117 |    72 ||   237
       Conjure Flame     |     1 |     3 |     4 ||     8
       Throw Flame       |       |    23 |   105 ||   128
Evoke: Wand              |       |       |    18 ||    18
  Use: Scroll            |       |     7 |     3 ||    10
       Potion            |       |     4 |       ||     4
 Stab: Sleeping          |       |       |     1 ||     1
  Eat: Chunk             |     3 |     2 |     6 ||    11
       Ration            |       |     3 |     3 ||     6
Armor: Robe              |     2 |    26 |    17 ||    45
Dodge: Dodged            |     9 |    57 |    49 ||   115

Vanquished Creatures
  A hippogriff (D:7)
  Grum (D:8)
  A hungry ghost (D:8)
  A water moccasin (D:7)
  An orc warrior (D:8)
  2 ice beasts (D:6)
  A phantom (D:4)
  An ogre (D:6)
  2 wolves
  A centaur (D:7)
  A bullfrog (D:7)
  4 crimson imps
  3 jellies
  4 hounds
  Jessica (D:2)
  3 iguanas
  2 orc wizards (D:4)
  Ijyb (D:3)
  6 worker ants
  2 hound skeletons
  A howler monkey skeleton (D:3)
  8 gnolls
  12 adders
  A shadow imp (D:6)
  An ooze (D:3)
  An adder skeleton (D:7)
  4 worms
  A dart slug (D:3)
  A leopard gecko (D:3)
  12 orcs
  3 giant cockroaches
  5 goblins
  6 hobgoblins
  4 jackals (D:6)
  5 quokkas
  A ball python (D:4)
  4 bats
  A frilled lizard (D:5)
  6 kobolds
  A leopard gecko skeleton (D:7)
  A quokka zombie (D:7)
  6 rats
  A butterfly (D:8)
125 creatures vanquished.
